 Dungeon Crawl Stone Soup version 0.30.0-19-g36f170ea60 (webtiles) character file.

Game seed: 16554044056753773083

747 buriedalive the Chiller (level 7, -4/36 HPs)
             Began as a Deep Elf Ice Elementalist on May 30, 2023.
             Was an Initiate of Ashenzari.
             Killed by nerve-wracking pain
             ... invoked by Menkaure
              (13 damage)
             ... on level 4 of the Dungeon.
             The game lasted 00:08:01 (3794 turns).

buriedalive the Chiller (Deep Elf Ice Elementalist) Turns: 3794, Time: 00:08:02

Health: -4/36      AC: 10    Str:  5    XL:     7   Next: 48%
Magic:  11/18      EV: 15    Int: 22    God:    Ashenzari [......]
Gold:   113        SH:  0    Dex: 15    Spells: 7/18 levels left

rFire   . . .        (no weapon)
rCold   . . .        (no shield)
rNeg    . . .        a - +0 robe
rPois   +            j - +0 hat
rElec   .            (no cloak)
rCorr   .            (no gloves)
SInv    .            o - +0 pair of boots
Will    .....        (no amulet)
Stlth   ++           n - ring of poison resistance
HPRegen 0.26/turn    (no ring)
MPRegen 0.16/turn

%: no passive effects
@: brilliant, ice-armoured, freezing walls
A: no striking features
a: Renounce Religion


You were on level 4 of the Dungeon.
You worshipped Ashenzari.
Ashenzari was noncommittal.
You visited 2 branches of the dungeon, and saw 5 of its levels.

You collected 113 gold pieces.

Inventory:

Hand Weapons
 d - a +0 dagger
 t - a +1 dagger of holy wrath
 v - a +1 whip of flaming
Missiles
 c - 65 stones
 i - 4 atropa-tipped darts
 q - 3 poisoned darts
Armour
 a - a +0 robe (worn)
 j - a +0 hat (worn)
 o - a +0 pair of boots (worn)
Jewellery
 n - a ring of poison resistance (left hand)
 p - a ring of fire
Wands
 l - a wand of flame (16)
Scrolls
 u - a scroll of poison
Potions
 b - a potion of magic
 e - a potion of resistance
 g - a potion of haste {unknown}
 h - a potion of brilliance
 k - a potion of attraction {unknown}
 r - a potion of degeneration {unknown}
 w - a potion of cancellation {unknown}


   Skills:
 + Level 6.7 Dodging
 - Level 2.4 Stealth
 - Level 6.0 Spellcasting
 + Level 7.1 Ice Magic


You had 7 spell levels left.
You knew the following spells:

 Your Spells              Type           Power      Damage    Failure   Level
a - Freeze                Ice            100%       1d10      1%          1
b - Ozocubu's Armour      Ice            54%        N/A       1%          3
c - Frozen Ramparts       Ice            100%       1d16      1%          3
d - Summon Ice Beast      Ice/Summ       33%        N/A       22%         4

Your spell library contained the following spells:

 Spells                   Type           Power      Damage    Failure   Level


Dungeon Overview and Level Annotations

Branches:
Dungeon (4/15)             Temple (1/1) D:4

Altars:
Ashenzari
Cheibriados
Elyvilon
Gozag
Hepliaklqana
Kikubaaqudgha
Makhleb
Nemelex Xobeh
Okawaru
Qazlal
Sif Muna
Trog
Vehumet
Wu Jian
Yredelemnul
The Shining One

Annotations:
D:3 2 transporters, Natasha; monsoonserge's ghost, amateur GrRe
D:4 Eustachio; Menkaure


Message History

You hit Menkaure but do no damage.
Menkaure is moderately damaged.
Menkaure resists.
The wall freezes Menkaure.
Menkaure misses you.
You hit Menkaure but do no damage.
Menkaure is moderately damaged.
Menkaure resists.
The wall freezes Menkaure.
Menkaure hits you!!
Ouch! That really hurt!
* * * LOW HITPOINT WARNING * * *
It was a potion of brilliance.
You feel clever all of a sudden.
Menkaure completely resists.
The wall freezes Menkaure but does no damage.
Menkaure barely misses you.
You feel better.
You feel better.
Menkaure resists.
The wall freezes Menkaure.
Menkaure hits you but does no damage.
Casting: Ozocubu's Armour (safe; 1% risk of failure)
Confirm with . or Enter, or press ? or * to list all spells.
Aiming: Freeze (safe; 1% risk of failure)
Press: ? - help, Shift-Dir - straight line, f - Menkaure
Aim: Menkaure (heavily damaged)
You feel a surge of power!
You freeze Menkaure.
Menkaure resists.
Menkaure is severely damaged.
The wall freezes Menkaure but does no damage.
Menkaure hits you!
* * * LOW HITPOINT WARNING * * *
You feel better.
Menkaure resists.
The wall freezes Menkaure.
Menkaure hits you.
* * * LOW HITPOINT WARNING * * *
Casting: Freeze (safe; 1% risk of failure)
Confirm with . or Enter, or press ? or * to list all spells.
Aiming: Freeze (safe; 1% risk of failure)
Press: ? - help, Shift-Dir - straight line, f/p - Menkaure
Aim: Menkaure (severely damaged)
You feel a surge of power!
You freeze Menkaure.
Menkaure resists.
Menkaure is severely damaged.
Menkaure resists.
The wall freezes Menkaure.
Menkaure points at you and mumbles some strange words.
Pain shoots through your body!
You die...

###..>.....?. ..
###.............# ..
#...............#
#.............#
#...........### #.
#........$....####.
#...............##.
#M##.##.#..##.#....
#.@.....#.....#.#..
#....##.#....##....#..
#........#.##....##....
##....##......##.......
##..)....##.>..[†#.....
##......#......##.#.....
#.......#.#.##..........
###....<....#.....#.##....
##.#......#....##..#.......


You could see Menkaure.

Vanquished Creatures
  Pikel (D:4)
  2 lemures (D:4)
  Blork the orc (D:4)
  A hound (D:4)
  An orc priest (D:3)
  Natasha (D:3)
  3 gnolls (D:2)
  3 adders
  2 worms (D:3)
  3 dart slugs (D:1)
  6 orcs (D:3)
  3 ball pythons
  2 bats (D:1)
  5 endoplasms
  7 giant cockroaches
  7 goblins
  9 hobgoblins
  3 quokkas
  2 frilled lizards (D:3)
  6 kobolds
  7 rats
75 creatures vanquished.

Notes
Turn   | Place    | Note
-------+----------+-------------------------------------------
     0 | D:1      | buriedalive the Deep Elf Ice Elementalist began the quest
                  | for the Orb.
     0 | D:1      | Reached XP level 1. HP: 10/10 MP: 6/6
   205 | D:1      | Reached XP level 2. HP: 10/15 MP: 6/8
   894 | D:1      | Reached XP level 3. HP: 19/19 MP: 10/10
  1253 | D:2      | Reached skill level 5 in Ice Magic
  1439 | D:2      | Reached XP level 4. HP: 24/24 MP: 12/12
  1534 | D:2      | Learned a level 3 spell: Ozocubu's Armour
  1538 | D:2      | Learned a level 3 spell: Frozen Ramparts
  1553 | D:2      | Learned a level 4 spell: Summon Ice Beast
  1679 | D:2      | Found a white marble altar of Elyvilon.
  1796 | D:3      | Found a faded altar of an unknown god.
  2142 | D:3      | Found a transporter.
  2142 | D:3      | Found a transporter.
  2142 | D:3      | Noticed monsoonserge's ghost (amateur GrRe)
  2144 | D:3      | Noticed an ogre
  2144 | D:3      | Identified the +4 dire flail of Makhleb's Favour {freeze,
                  | rElec rN+ Int+7 Dex-2}
  2144 | D:3      | Noticed an ogre
  2377 | D:3      | Reached XP level 5. HP: 26/28 MP: 7/14
  2602 | D:3      | Noticed Natasha
  2610 | D:3      | Killed Natasha
  2611 | D:3      | Reached skill level 5 in Spellcasting
  2823 | D:3      | Noticed Natasha
  3205 | D:4      | Noticed a phantom
  3237 | D:4      | Noticed Eustachio
  3266 | D:4      | Noticed Blork the orc
  3320 | D:4      | Killed Blork the orc
  3321 | D:4      | Reached XP level 6. HP: 23/32 MP: 7/16
  3393 | D:4      | Found a staircase to the Ecumenical Temple.
  3399 | Temple   | Entered the Ecumenical Temple
  3562 | Temple   | Became a worshipper of Ashenzari the Shackled
  3574 | D:4      | Noticed Pikel
  3589 | D:4      | Killed Pikel
  3590 | D:4      | Reached skill level 7 in Ice Magic
  3590 | D:4      | Reached XP level 7. HP: 18/36 MP: 1/18
  3773 | D:4      | Noticed Menkaure
  3788 | D:4      | HP: 1/36 [Menkaure (19)]
  3794 | D:4      | Killed from afar by Menkaure

Illustrated notes

Levels and vault maps discovered:
D:1:      dpeg_arrival_rhombi, layout_basic, chequers_serial_rivers_large_a
D:2:      layout_rooms, basic_altar
D:3:      layout_basic, hellmonk_ecumenical_altar_zigzags,
          gammafunk_ghost_smash, uniq_natasha
D:4:      layout_cave_pools, minmay_temple_entry_ruins, uniq_blork_the_orc,
          uniq_eustachio, uniq_pikel, uniq_grinder, uniq_menkaure
Temple:   eino_temple_rhombus

Skill      XL: |  1  2  3  4  5  6 |
---------------+-------------------+-----
Dodging        | 3 4 6 |  6.7
Spellcasting   | 4 5 6 |  6.0
Ice Magic      | 5 7 |  7.1
Stealth        | |  2.4

Action                     |  1- 3 |  4- 6 |  7- 9 || total
---------------------------+-------+-------+-------++-------
  Melee: Dagger            |    24 |    45 |       ||    69
         Punch             |       |     1 |       ||     1
         Unarmed           |       |    28 |     4 ||    32
   Cast: Freeze            |    34 |    48 |     4 ||    86
         Frozen Ramparts   |       |    11 |     1 ||    12
         Ozocubu's Armour  |       |     6 |     1 ||     7
    Use: Scroll            |       |     2 |     4 ||     6
         Potion            |       |     1 |     4 ||     5
   Stab: Sleeping          |     9 |     3 |       ||    12
 Armour: Robe              |     8 |    24 |     2 ||    34
  Dodge: Dodged            |    27 |    74 |     3 ||   104
